Unix NetHack Version 5.0.0-0 post-release - last build May  4 2026 22:22:43 (774f63e81ad911689b3a0859ea89b322d5daca8d,branch:main).

Game began 2026-05-10 16:37:07, ended 2026-05-10 17:00:56.

2462064111, lawful female human Knight

                                                                        ---
                                                                ---....--.|
                                                                -@)........
                                                                .........).
                                                                        .).
                                                                      .....
                                                                      .<..-
                                                                      .....

2462064111 the Gallant   St:14 Dx:8 Co:12 In:8 Wi:15 Ch:18  Lawful
Dlvl:4  $:48 HP:0(18) Pw:12(12) AC:4  Xp:2 T:1387 

Latest messages:
 The door resists!
 The door resists!
 In what direction? 6
 Whammm!!
 In what direction? 6
 Whammm!!
 You don't find anything here to loot.
 In what direction? 6
 Whammm!!
 In what direction? 6
 Thwack!!
 The door opens.
 You see here a blue gem.
 You see here a lembas wafer.
 t - a lembas wafer.
 You find a hidden door.
 You are beginning to feel hungry.
 The door opens.
 What do you want to eat? [ghlt or ?*] t
 This lembas wafer is delicious!
 You finish eating the lembas wafer.
 You see here 5 gold pieces.
 $ - 5 gold pieces (48 in total).
 You hit the shrieker!
 You miss the shrieker.
 You miss the shrieker.
 You hit the shrieker!
 You hit the shrieker.
 The shrieker shrieks.
 You hit the shrieker!
 You kill the shrieker!
 You climb up the stairs.
 Really step onto that rolling boulder trap? [yn] (n) n
 A cloud of gas puts you to sleep!
 You wake up.
 You descend the stairs.
 An arrow misses you.
 You are hit by an arrow.
 You are hit by an arrow.
 You are hit by an arrow!
 You see here an arrow.
 You are hit by an arrow.
 You are hit by an arrow.
 You are hit by an arrow!
 You die...
 Do you want your possessions identified? [ynq] (y) n
 Do you want to see your attributes? [ynq] (y) n
 Do you want an account of creatures vanquished? [ynaq] (y) n
 Do you want to see your conduct and achievements? [ynq] (y) n
 Do you want to see the dungeon overview? [ynq] (y) n

Inventory:
 Coins    ('$')
  $ - 48 gold pieces
 Weapons  (')')
  a - a +1 long sword (weapon in right hand)
  b - a +1 lance (alternate weapon; not wielded)
 Armor    ('[')
  f - an uncursed +0 pair of leather gloves (being worn)
  e - a blessed +0 small shield (being worn)
  c - an uncursed +1 ring mail (being worn)
 Comestibles  ('%')
  g - 10 uncursed apples
  h - 6 uncursed carrots
  l - an uncursed cram ration

2462064111 the Knight's attributes:

Background:
 You were a Gallant, a level 2 female human Knight.
 You were lawful, nominally on a mission for Lugh
 who was opposed by Brigit (neutral) and Manannan Mac Lir (chaotic).
 You were right-handed.
 You were in the Gnomish Mines, on level 4.
 You entered the dungeon 1387 turns ago.
 You had 32 experience points, 8 more were needed to attain level 3.

Basics:
 You had 0 out of 18 hit points.
 You had all 12 energy points (spell power).
 Your armor class was 4.
 Your wallet contained 48 zorkmids.
 Autopickup was off.

Final Characteristics:
 Your strength was 14 (limit:18/100).
 Your dexterity was 8 (limit:18).
 Your constitution was 12 (limit:18).
 Your intelligence was 8 (limit:18).
 Your wisdom was 15 (limit:18).
 Your charisma was 18 (limit:18).

Final Status:
 You weren't hungry.
 You were unencumbered.
 You were wielding a long sword.
 You had basic skill with long sword.

Final Attributes:
 You were devoutly aligned.
 You could jump.
 You were warded.
 You are dead.

Miscellaneous:
 You didn't encounter any bones levels.
 Total elapsed playing time was 23 minutes and 47 seconds.

Major events:
 Turn
    1: 2462064111 the lawful female human Knight entered the dungeon
 1370: entered the Gnomish Mines
 1387: killed by an arrow

You didn't know any spells.

Skills:
 Fighting Skills
   bare handed combat [Unskilled]
   two weapon combat  [Unskilled]
   riding             [Basic]
 Weapon Skills
   dagger             [Unskilled]
   knife              [Unskilled]
   axe                [Unskilled]
   pick-axe           [Unskilled]
   short sword        [Unskilled]
   broadsword         [Unskilled]
   long sword         [Basic]
   two-handed sword   [Unskilled]
   saber              [Unskilled]
   club               [Unskilled]
   mace               [Unskilled]
   morning star       [Unskilled]
   flail              [Unskilled]
   hammer             [Unskilled]
   polearms           [Unskilled]
   spear              [Unskilled]
   trident            [Unskilled]
   lance              [Basic]
   bow                [Unskilled]
   crossbow           [Unskilled]
 Spellcasting Skills
   attack spells      [Unskilled]
   healing spells     [Unskilled]
   clerical spells    [Unskilled]

Voluntary challenges:
 Character rerolling was not enabled.
 You were an atheist.
 You were illiterate.
 You never genocided any monsters.
 You never polymorphed an object.
 You never changed form.
 You used no wishes.
Achievement:
 You entered the Gnomish Mines.

 The Dungeons of Doom: levels 1 to 4
    Level 1:
    Level 2:
       Many trees.
    Level 3:
       Stairs down to The Gnomish Mines.
    Level 4:
 The Gnomish Mines:
    Level 4: <- You were here.
       Final resting place for
          you, killed by an arrow.


Vanquished creatures:
  2 wood nymphs
  a shrieker
  a brown mold
  a gnome zombie
  2 jackals
  a goblin
  2 sewer rats
  6 grid bugs
  2 kobold zombies
  4 newts
22 creatures vanquished.

No species were genocided or became extinct.

Game over:
                       ----------
                      /          \
                     /    REST    \
                    /      IN      \
                   /     PEACE      \
                  /                  \
                  |    2462064111    |
                  |      48 Au       |
                  |   killed by an   |
                  |      arrow       |
                  |                  |
                  |                  |
                  |       2026       |
                 *|     *  *  *      | *
        _________)/\\_//(\/(/\)/\//\/|_)_______

Fare thee well 2462064111 the Knight...

You died in The Gnomish Mines on dungeon level 4 with 322 points,
and 48 pieces of gold, after 1387 moves.
You were level 2 with a maximum of 18 hit points when you died.

